 Dungeon Crawl Stone Soup version 0.20-a0-689-g860b9ab (webtiles) character file.

560 zhorgal the Cudgeler (level 7, -6/61 HPs)
             Began as a Minotaur Berserker on Feb 19, 2017.
             Was a Priest of Trog.
             Mangled by an orc warrior
             ... wielding a +0 great sword
              (13 damage)
             ... on level 6 of the Dungeon.
             The game lasted 00:15:02 (2946 turns).

zhorgal the Cudgeler (Minotaur Berserker)           Turns: 2946, Time: 00:15:03

Health: -6/61      AC: 10    Str: 24    XL:     7   Next: 9%
Magic:  6/6        EV:  9    Int:  4    God:    Trog [***...]
Gold:   178        SH:  0    Dex:  9    Spells: 6/6 levels left

rFire    . . .     SeeInvis .   a - +0 mace
rCold    . . .     Gourm    .   s - +0 chain mail
rNeg     . . .     Faith    .   (no shield)
rPois    +         Spirit   .   (helmet restricted)
rElec    .         Reflect  .   h - +0 cloak
rCorr    .         Harm     .   (no gloves)
MR       .....                  (no boots)
Stlth    ..........             (no amulet)
Regen    0.2/turn               (no ring)
MPRegen  0.1/turn               F - ring of poison resistance

@: exhausted, slowed, very slow
A: retaliatory headbutt, horns 2
a: Berserk, Trog's Hand, Burn Spellbooks, Renounce Religion


You were on level 6 of the Dungeon.
You worshipped Trog.
Trog was most pleased with you.
You were very hungry.

You visited 1 branch of the dungeon, and saw 6 of its levels.

You collected 178 gold pieces.

Inventory:

Hand Weapons
 a - a +0 mace (weapon)
 v - a +1 morningstar
 y - a +0 flail
 D - a +0 flail
Missiles
 b - 5 tomahawks (quivered)
 f - 11 poisoned needles
 g - 6 silver tomahawks
 o - 22 sling bullets
 C - 8 javelins
Armour
 e - a +0 shield
 h - a +0 cloak (worn)
 l - a +0 scale mail
 s - a +0 chain mail (worn)
 t - a +0 shield
 B - a +0 buckler
Jewellery
 F - a ring of poison resistance (left hand)
Scrolls
 d - a scroll of recharging
 i - a scroll of silence {unknown}
 j - a scroll of immolation {unknown}
 m - a scroll of random uselessness {unknown}
 r - a scroll of identify
 x - a scroll of fog {unknown}
 E - 2 scrolls of amnesia {unknown}
Potions
 k - 2 potions of resistance {unknown}
 p - 2 potions of heal wounds {unknown}
 q - a potion of mutation {unknown}
Books
 u - a book of Misfortune

   Spells                             Type                      Level
   a - Confusing Touch                Hexes                        1
   b - Confuse                        Hexes                        3
   c - Gell's Gravitas                Hexes/Translocation          3
   d - Petrify                        Transmutation/Earth          4
   e - Metabolic Englaciation         Hexes/Ice                    5
   f - Yara's Violent Unravelling     Hexes/Transmutation          5
   Trog disapproves of the use of such an item.
Comestibles
 c - 6 bread rations
 n - 5 meat rations
 w - a royal jelly
 z - 2 chunks of flesh
 A - a fruit


   Skills:
 + Level 5.2 Fighting
 * Level 6.6 Maces & Flails
 + Level 4.8 Armour
 + Level 4.1 Dodging
 + Level 1.7 Shields


You had 6 spell levels left.
You didn't know any spells.

Dungeon Overview and Level Annotations

Branches:
Dungeon (6/15)
 Temple: D:4-7

Altars:
Ashenzari
Makhleb
Nemelex Xobeh

Shops:
D:4 [

Annotations:
D:5 Eustachio


Innate Abilities, Weirdness & Mutations

You reflexively headbutt those who attack you in melee.
You have a pair of horns on your head.


Message History

Eustachio mumbles some strange words.
Eustachio blinks!
The gnoll sergeant hits you from afar with a trident!
The orc warrior hits you but does no damage.
There is a stone staircase leading down here.
The orc warrior hits you with a great sword!
* * * LOW HITPOINT WARNING * * *
The gnoll sergeant hits you from afar with a trident!
* * * LOW HITPOINT WARNING * * *
The orc warrior hits you but does no damage.
You climb downwards.
You hear the hiss of flowing sand.
There is an entrance to an ossuary on this level.
Hurry and find it before the portal is buried!
Found a scale mail.
There is a stone staircase leading up here.
You hit the orc warrior but do no damage.
Your headbutt misses the orc warrior.
The orc warrior is heavily wounded.
The orc warrior hits you with a great sword!
You die...

#..[.# #....#
#....#
######....
.........#
.........#
.........#
.......@o#
###+##.........
#.........
+.........
#.........
.######### . ..


You could see an orc warrior.

Vanquished Creatures
  A centaur (D:3)
  A gnoll sergeant (D:5)
  A scorpion (D:4)
  A wight (D:5)
  An orc priest (D:4)
  A hound (D:5)
  A bullfrog skeleton (D:5)
  A gnoll shaman (D:4)
  3 gnolls (D:4)
  9 adders
  3 worms
  A dart slug (D:1)
  5 leopard geckos
  5 orcs
  3 ball pythons
  4 giant cockroaches
  4 goblins
  8 hobgoblins
  15 jackals
  7 kobolds
  A quokka (D:3)
  5 bats
  6 frilled lizards
  9 rats
96 creatures vanquished.

Notes
Turn   | Place    | Note
-------+----------+-------------------------------------------
     0 | D:1      | zhorgal the Minotaur Berserker began the quest for the Orb.
     0 | D:1      | Reached XP level 1. HP: 19/19 MP: 0/0
   212 | D:1      | Reached XP level 2. HP: 10/27 MP: 1/1
   220 | D:1      | Reached skill level 4 in Maces & Flails
   720 | D:1      | Reached XP level 3. HP: 18/33 MP: 2/2
  1051 | D:2      | Reached ** piety under Trog
  1102 | D:2      | Found a shattered altar of Ashenzari.
  1393 | D:2      | Reached XP level 4. HP: 40/40 MP: 3/3
  1517 | D:3      | Reached skill level 5 in Maces & Flails
  1647 | D:3      | Noticed a centaur
  1650 | D:3      | Killed a centaur
  1650 | D:3      | Reached XP level 5. HP: 44/47 MP: 4/4
  1868 | D:3      | Found a sparkling altar of Nemelex Xobeh.
  2410 | D:4      | Reached XP level 6. HP: 53/53 MP: 5/5
  2412 | D:4      | Reached *** piety under Trog
  2419 | D:4      | Reached skill level 1 in Shields
  2432 | D:4      | Found Dammer's Armour Shop.
  2568 | D:4      | Reached skill level 6 in Maces & Flails
  2652 | D:4      | Reached skill level 5 in Fighting
  2709 | D:4      | Found a burning altar of Makhleb.
  2808 | D:5      | Entered Level 5 of the Dungeon
  2920 | D:5      | Noticed an orc warrior
  2933 | D:5      | Reached XP level 7. HP: 61/61 MP: 6/6
  2940 | D:5      | Noticed Eustachio
  2946 | D:6      | Mangled by an orc warrior

Vault maps used:
D:1:      lightli_arrival_windingriver, interstate_on_off, minmay_tetromino_s2
D:2:      kennysheep_goblin_castle, nicolae_overflow_hidden_temple,
          minmay_misc_feat_secret_circle, corexii_corridor_pit
D:3:      lemuel_round_altar, first_bread, kennysheep_generic_room_14
D:4:      lemuel_coloured_pillars_altar, serial_shops, shop
D:5:      sword_in_stone
D:6:      vehumet_statue, nicolae_ossuary_entry_catacombs, uniq_grinder,
          uniq_menkaure

Skill      XL: |  1  2  3  4  5  6 |
---------------+-------------------+-----
Maces & Flails | 4 5 6 |  6.6
Armour         | 3 4 |  4.8
Fighting       | 4 5 |  5.2
Dodging        | 3 4 |  4.1
Shields        | 1 |  1.7

Action                   |  1- 3 |  4- 6 |  7- 9 || total
-------------------------+-------+-------+-------++-------
Melee: Mace              |    92 |   126 |     7 ||   225
       Headbutt          |     7 |    28 |     1 ||    36
Invok: Berserk           |       |     2 |       ||     2
  Use: Scroll            |       |     5 |       ||     5
  Eat: Chunk             |     2 |     5 |       ||     7
Armor: Animal skin       |     8 |       |       ||     8
       Scale mail        |    22 |     7 |       ||    29
       Chain mail        |       |    57 |     3 ||    60
Dodge: Dodged            |    59 |    69 |     4 ||   132
